 Dungeon Crawl Stone Soup version 0.20.1-1-g8b1a95d (webtiles) character file.

358754 dvd the Ripper (level 21, -13/99 HPs)
             Began as a Felid Transmuter on Oct 1, 2017.
             Was a High Priest of Qazlal.
             Killed from afar by a deep troll earth mage (26 damage)
             ... with a blast of metal fragments
             ... led by an ironheart preserver
             ... on level 5 of the Vaults on Oct 5, 2017.
             The game lasted 08:05:36 (69517 turns).

dvd the Ripper (Felid Transmuter)                  Turns: 69517, Time: 08:05:36

Health: -13/99     AC: 11    Str: 10    XL:     21   Next: 44%
Magic:  34/53      EV: 34    Int: 21    God:    Qazlal [*****.]
Gold:   3434       SH:  9    Dex: 22    Spells: 0/56 levels left
                                        Lives:  0   Deaths: 5

rFire    + + +     SeeInvis +     - Unarmed
rCold    + . .     Gourm    .   (shield unavailable)
rNeg     + . .     Faith    .   (armour unavailable)
rPois    .         Spirit   .   (helmet unavailable)
rElec    .         Reflect  +   (cloak unavailable)
rCorr    .         Harm     .   (gloves unavailable)
MR       +....                  (boots unavailable)
Stlth    ++........             a - amulet of Jomis {Reflect Dex+4 SH+2}
Regen    1.3/turn               b - ring "Keqoarul" {*Slow rF+++ rN+ MP+9}
MPRegen  0.4/turn               p - +3 ring of slaying

@: vulnerable, protected from physical damage, regenerating, studying
Necromancy, repel missiles, quick
A: no armour, no weapons or thrown items, stealth, antennae 1, claws 1, fangs 3,
slimy green scales 1, yellow scales 2, see invisible, carnivore 3, speed 1,
shaggy fur 3, slow metabolism 1, strong 1, sharp paws
}: 2/15 runes: serpentine, barnacled
a: Upheaval, Elemental Force, Disaster Area, Renounce Religion


You were on level 5 of the Vaults.
You worshipped Qazlal.
Qazlal was extremely pleased with you.
You were not hungry.

You visited 10 branches of the dungeon, and saw 44 of its levels.
You also visited: Labyrinth, Ice Cave and Volcano.

You collected 6498 gold pieces.
You spent 3064 gold pieces at shops.

Inventory:

Jewellery
 a - the amulet of Jomis (around neck) {Reflect Dex+4 SH+2}
   (You found it on level 3 of the Shoals)

   [amulet of reflection]

   It shields you and reflects attacks.
   It affects your dexterity (+4).
   It affects your SH (+2).
 b - the ring "Keqoarul" (left paw) {*Slow rF+++ rN+ MP+9}
   (You bought it in a shop on level 2 of the Snake Pit)

   [ring of magical power]

   It renders you almost immune to fire.
   It protects you from negative energy.
   It affects your magic capacity (+9).
   It may slow you when you take damage.
 m - an uncursed amulet of regeneration
 p - a +3 ring of slaying (right paw)
 z - the ring "Disiboysyu" {+Fly rF+ AC+3 Int-2}
   (You took it off a deep elf demonologist on level 3 of the Elven Halls)

   [ring of protection]

   It affects your AC (+3).
   It affects your intelligence (-2).
   It protects you from fire.
   It lets you fly.
 G - an uncursed ring of resist corrosion
 R - the ring of Diseb {rF+ rC- MR+++ Str-5 Dex+7}
   (You took it off a deep elf death mage on level 3 of the Elven Halls)

   [ring of protection from fire]

   It affects your strength (-5).
   It affects your dexterity (+7).
   It protects you from fire.
   It makes you vulnerable to cold.
   It affects your resistance to hostile enchantments.
Wands
 l - a wand of acid (9/15)
 n - a wand of clouds (2/9)
 v - a wand of disintegration (17/24)
 B - a wand of digging (22/24)
 D - a wand of flame (22/48)
 J - a wand of confusion (31/48)
 K - a wand of lightning (6/15)
 M - a wand of iceblast (7/15)
 O - a wand of lightning (5/15)
 V - a wand of iceblast (6/15)
 W - a wand of clouds (0/9)
Scrolls
 e - 20 scrolls of remove curse
 q - 20 scrolls of identify
 C - 4 scrolls of recharging
 E - 2 scrolls of fog
 Q - a scroll of fear
 T - 4 scrolls of amnesia
Potions
 i - 6 potions of ambrosia
 j - a potion of resistance
 k - 2 potions of cancellation
 o - 2 potions of curing
 s - 2 potions of magic
 N - 6 potions of brilliance
 P - 2 potions of flight
 S - 3 potions of mutation
Books
 d - a book of Ice

   Spells                             Type                      Level
   a - Ice Form                       Ice/Transmutation            4
   b - Metabolic Englaciation         Hexes/Ice                    5
   c - Ozocubu's Refrigeration        Ice                          6
   d - Bolt of Cold                   Conjuration/Ice              6
   e - Freezing Cloud                 Conjuration/Ice/Air          6
   f - Simulacrum                     Ice/Necromancy               6
 u - a manual of Necromancy
 w - Asmodeus's Almanac of Creation
   (You found it on level 1 of the Elven Halls)

   Spells                             Type                      Level
   a - Summon Small Mammal            Summoning                    1
   b - Summon Guardian Golem          Hexes/Summoning              3
   c - Aura of Abjuration             Summoning                    5
   d - Spellforged Servitor           Conjuration/Summoning        7
 A - a book of Enchantments

   Spells                             Type                      Level
   a - Cause Fear                     Hexes                        4
   b - Yara's Violent Unravelling     Hexes/Transmutation          5
   c - Silence                        Hexes/Air                    5
   d - Deflect Missiles               Charms/Air                   6
   e - Discord                        Hexes                        8
 F - a book of Unlife

   Spells                             Type                      Level
   a - Recall                         Summoning/Translocation      3
   b - Animate Dead                   Necromancy                   4
   c - Control Undead                 Necromancy                   4
   d - Cigotuvi's Embrace             Necromancy                   5
   e - Death Channel                  Necromancy                   6
   f - Simulacrum                     Ice/Necromancy               6
 I - a book of Spatial Translocations

   Spells                             Type                      Level
   a - Blink                          Translocation                2
   b - Shroud of Golubria             Charms/Translocation         2
   c - Lesser Beckoning               Translocation                3
   d - Gell's Gravitas                Translocation                3
   e - Teleport Other                 Translocation                3
   f - Passage of Golubria            Translocation                4
 U - a book of Death

   Spells                             Type                      Level
   a - Corpse Rot                     Necromancy                   2
   b - Sublimation of Blood           Necromancy                   2
   c - Agony                          Necromancy                   5
   d - Dispel Undead                  Necromancy                   5
   e - Excruciating Wounds            Charms/Necromancy            5
   f - Bolt of Draining               Conjuration/Necromancy       5
 X - a book of Necromancy

   Spells                             Type                      Level
   a - Pain                           Necromancy                   1
   b - Animate Skeleton               Necromancy                   1
   c - Vampiric Draining              Necromancy                   3
   d - Regeneration                   Charms/Necromancy            3
   e - Animate Dead                   Necromancy                   4
   f - Control Undead                 Necromancy                   4
 Y - the Almanac of the Captivating Escort
   (You found it on level 1 of the Crypt)

   Spells                             Type                      Level
   a - Corona                         Hexes                        1
   b - Inner Flame                    Hexes/Fire                   3
   c - Tukima's Dance                 Hexes                        3
   d - Call Canine Familiar           Summoning                    3
   e - Dragon's Call                  Summoning                    9
Miscellaneous
 r - a crystal ball of energy
Comestibles
 c - 26 meat rations
 t - 28 royal jellies


   Skills:
 + Level 14.3 Fighting
 + Level 15.6 Dodging
 + Level 9.8 Stealth
 + Level 20.2 Unarmed Combat
 + Level 18.1 Spellcasting
 + Level 3.5 Conjurations
 + Level 17.7 Hexes
 + Level 10.7 Charms
 + Level 5.9 Summonings
 * Level 10.4 Necromancy
 + Level 5.9 Translocations
 + Level 15.0 Transmutations
 * Level 8.6 Ice Magic
   Level 1.5 Poison Magic
 + Level 9.6 Invocations
 + Level 7.7 Evocations


You couldn't memorise any spells.
You knew the following spells:

 Your Spells              Type           Power        Failure   Level  Hunger
a - Blade Hands           Tmut           ######....   1%          5    #......
b - Ozocubu's Refrigerat  Ice            ######....   12%         6    ####...
c - Ice Form              Ice/Tmut       ######..     1%          4    None
d - Tukima's Dance        Hex            #######.     0%          3    None
e - Dazzling Spray        Conj/Hex       ######       1%          3    None
f - Cause Fear            Hex            #######...   1%          4    None
g - Confuse               Hex            #######.     0%          3    None
h - Yara's Violent Unrav  Hex/Tmut       ######....   1%          5    #......
i - Ozocubu's Armour      Chrm/Ice       ######..     1%          3    None
j - Regeneration          Chrm/Necr      ######....   1%          3    None
k - Shroud of Golubria    Chrm/Tloc      ######....   1%          2    None
l - Apportation           Tloc           #####.       1%          1    None
m - Control Undead        Necr           ######....   1%          4    None
n - Blink                 Tloc           N/A          1%          2    None
o - Aura of Abjuration    Summ           #####.....   7%          5    #......
p - Animate Dead          Necr           N/A          1%          4    None


Dungeon Overview and Level Annotations

Branches:
Dungeon (15/15)            Temple (1/1) D:7            Lair (6/6) D:10
 Shoals (4/4) Lair:3        Snake (4/4) Lair:3        Slime (0/5) Lair:5
    Orc (2/2) D:12            Elf (3/3) Orc:2        Vaults (5/5) D:14
  Crypt (3/3) Vaults:2       Tomb (0/3) Crypt:3      Depths (1/5) D:15

Altars:
Ashenzari
Cheibriados
Dithmenos
Elyvilon
Fedhas
Gozag
Hepliaklqana
Kikubaaqudgha
Makhleb
Nemelex Xobeh
Okawaru
Qazlal
Ru
Sif Muna
Trog
Uskayaw
Vehumet
Xom
Yredelemnul
Zin
The Shining One
Jiyva

Shops:
D:6 }   D:9 *   Orc:2 :[=*   Elf:2 }   Elf:3 *   Shoals:4 [   Snake:2 (*=}=%
Snake:4 *   Vaults:2 :   Vaults:5 ?

Portals:
Hell: Depths:1
Ziggurat: Depths:1
Trove: Vaults:2 (give 7 scrolls of blinking)

Annotations:
Vaults:5 Jorgrun


Innate Abilities, Weirdness & Mutations

You cannot wear armour.
You are incapable of wielding weapons or throwing items.
Your paws allow you to move quietly. (Stealth)
You have sharp claws.
You have razor-sharp teeth.
You have supernaturally acute eyesight. (SInv)
You are carnivorous and can eat meat at any time.
You cover ground quickly.
Your thick and shaggy fur keeps you warm. (AC +3, rC+)
You have a slow metabolism.
Your sharp claws are effective at attacking unaware monsters.
You have a pair of small antennae on your head.
You are partially covered in slimy green scales. (AC +2)
You are mostly covered in yellow scales. (AC +3)
Your muscles are strong. (Str +2)


Message History

The deep troll earth mage completely misses you. x2
The yaktaur shoots a bolt.
The bolt hits you!
* * * LOW HITPOINT WARNING * * *
You see here a bolt.
You block the deep troll earth mage's attack. x2
The deep troll earth mage claws you but does no damage.
The tentacled monstrosity is struck by lightning.
You hear a shout!
The tentacled monstrosity completely misses you.
The tentacled monstrosity misses you.
The tentacled monstrosity completely misses you.
The tentacled monstrosity misses you.
You see here a trident.
The deep elf elementalist is engulfed in freezing vapours.
Your magical contamination has completely faded away.
The deep elf elementalist is engulfed in blazing flames.
The tentacled monstrosity is engulfed in freezing vapours.
The deep troll earth mage points at the deep elf elementalist and mumbles some strange words.
The metal wall shatters!
The blast of metal fragments hits you!
You die...

..C.........T....#
#############....#
#{#{{.#.(....#
#...#.#...#TT#
#D#.#C#e#.#§§#
#.#D#D#.#.#X.#
#.#.#.(.#.#.e#
.D#Xe.#.#.#§.#
#.#.#T#...#§@#
#.#.#.#.#(#..#
#.#.#.(.#.#..#
.%#.#p#.#..#
#.#.#.#.#..#
#.#.#.(.#..#
#.#.#.#.#..#
DD#h#.#..# #...#(#


You could see a tentacled monstrosity, a deep elf elementalist, a deep troll and
a deep troll earth mage.

Vanquished Creatures
  An ancient lich (Crypt:3)
  The ghost of Feta the Peltast, a veteran FoFi of Lugonu (Elf:1)
  Vashnia (Snake:4)
  Bai Suzhen (Snake:3)
  Saint Roka (Vaults:4)
  A bone dragon (Crypt:2)
  2 liches (Crypt:3)
  2 deep elf blademasters (Elf:2)
  3 deep elf master archers (Elf:3)
  3 ancient champions
  Frances (Shoals:1)
  2 krakens (Shoals:4)
  3 sphinxes
  Polyphemus (Shoals:3)
  A shadow dragon (Depths:1)
  2 tengu reavers (Vaults:5)
  Donald (Elf:3)
  Ilsuiw (Shoals:4)
  2 revenants (Crypt:1)
  3 frost giants
  14 vault wardens
  The ghost of bmj180 the Fencer, a journeyman MiFi of Okawaru (D:14)
  12 nagarajas
  4 deep elf sorcerers
  An iron dragon (Depths:1)
  A fire giant (Vaults:5)
  An orc warlord (Orc:2)
  A curse skull (Vaults:2)
  Aizul (Snake:3)
  3 deep elf elementalists (Elf:3)
  14 ironheart preservers
  11 stone giants
  A reaper (IceCv)
  6 war gargoyles
  An entropy weaver (Vaults:4)
  7 very ugly things
  5 vampire knights
  3 deep elf demonologists
  8 deep elf annihilators
  Nessos (D:12)
  5 merfolk javelineers (Shoals:4)
  4 eidola
  An ettin (Vaults:4)
  8 deep elf death magi
  7 merfolk impalers
  3 crystal guardians (Crypt:3)
  A quicksilver dragon zombie (Crypt:3)
  A deep elf high priest (Elf:3)
  2 jiangshi (Crypt:2)
  7 yaktaur captains
  Josephine (D:14)
  4 great orbs of eyes
  4 fire dragons
  15 ogre magi
  4 rakshasas
  18 vault guards
  A quicksilver dragon skeleton (Crypt:3)
  A servant of whispers (Vaults:4)
  A minotaur (Lab)
  7 hydras
  3 ice dragons
  20 naga warriors
  2 death knights
  3 catoblepae
  10 centaur warriors
  3 alligator snapping turtles
  28 anacondas
  5 merfolk aquamancers
  6 satyrs
  43 two-headed ogres
  26 dancing weapons
  6 merfolk avatars
  2 deep troll shamans
  2 tengu warriors
  5 vampire magi
  3 death yaks (Shoals:3)
  2 deep troll earth magi (Vaults:3)
  15 naga sharpshooters
  A titan zombie (Crypt:3)
  An orc high priest (Orc:1)
  Sonja (Orc:2)
  11 shock serpents
  2 soul eaters (Crypt:2)
  13 deep elf knights
  A fire crab (shapeshifter) (Elf:2)
  9 salamander mystics
  2 shadow wraiths
  8 hell knights
  Nergalle (D:11)
  18 skeletal warriors
  A deep troll (shapeshifter) (Depths:1)
  An iron giant skeleton (Crypt:2)
  8 unseen horrors
  7 deep trolls
  An entropy weaver zombie (Crypt:2)
  5 wizards
  12 sea snakes
  3 flayed ghosts
  A golden dragon zombie (Crypt:3)
  12 deep elf archers
  11 naga ritualists
  5 phantasmal warriors
  16 harpies
  10 orc knights
  17 ironbrand convokers
  12 necromancers
  A tengu zombie (Vaults:2)
  4 lindwurms (Snake:4)
  An iron dragon zombie (Crypt:3)
  49 deep elf magi
  A frost giant zombie (Crypt:3)
  15 mana vipers
  16 salamanders
  2 wolf spiders
  17 fauns
  3 orc sorcerers
  25 ugly things
  2 stone giant zombies
  2 oklob plants (Lair:5)
  24 cyclopes
  8 manticores
  24 elephants
  2 fire giant zombies
  A shock serpent zombie (Crypt:2)
  A salamander (shapeshifter) (Vaults:3)
  2 ice statues (IceCv)
  13 guardian serpents
  31 naga magi
  12 spiny frogs
  A black mamba (shapeshifter) (Elf:2)
  4 merfolk sirens (Shoals:4)
  A stone giant skeleton (Vaults:4)
  11 water nymphs
  3 gargoyles
  39 black mambas
  12 vault sentinels
  A storm dragon simulacrum (Vaults:4)
  A torpor snail (Lair:4)
  11 komodo dragons
  2 yaktaurs (shapeshifter)
  A dire elephant skeleton (Crypt:3)
  The ghost of arta the Firebug, a novice HuFE (D:4)
  A rime drake (Lair:3)
  42 yaktaurs
  8 freezing wraiths
  11 ice devils (IceCv)
  A tengu conjurer (Depths:1)
  35 merfolk
  A queen bee (D:8)
  A hydra zombie (Crypt:3)
  A grey draconian skeleton (Crypt:1)
  14 trolls
  5 hornets
  A wind drake (shapeshifter) (D:15)
  3 polar bears (Lair:6)
  2 jumping spiders (shapeshifter)
  2 saltlings (Vaults:4)
  A sphinx simulacrum (Vaults:1)
  5 wind drakes
  2 raiju (shapeshifter)
  A fire dragon zombie (Crypt:1)
  7 dream sheep (Shoals:2)
  11 snapping turtles
  36 slime creatures
  22 blink frogs
  A black mamba zombie (Crypt:3)
  A hydra skeleton (Crypt:3)
  An ettin zombie (Crypt:2)
  15 hippogriffs
  23 flying skulls (Crypt:3)
  2 vampires (D:14)
  14 water elementals
  8 wraiths
  6 wyverns
  2 air elementals (Elf:1)
  3 shadows
  An ettin skeleton (Vaults:4)
  48 yaks
  2 fire elementals
  16 humans
  A human (shapeshifter) (D:15)
  3 steam dragons
  A basilisk (Lair:1)
  A hungry ghost (D:14)
  A wind drake skeleton (Crypt:2)
  A naga (shapeshifter) (D:15)
  4 acid dragons
  59 nagas
  2 orb spider zombies (Crypt:2)
  7 wargs
  3 soldier ants
  A water nymph zombie (Crypt:1)
  A faun skeleton (Crypt:1)
  47 orc warriors
  6 porcupines
  15 water moccasins
  A floating eye (shapeshifter) (Vaults:1)
  2 black bears
  An infernal demonspawn skeleton (Crypt:1)
  2 eyes of draining
  A snapping turtle zombie (Crypt:3)
  44 ogres
  13 ice beasts
  3 sky beasts
  10 boggarts (Vaults:2)
  An elephant zombie (Crypt:1)
  5 necrophages
  11 crocodiles
  12 centaurs
  An octopode zombie (Crypt:2)
  A swamp dragon skeleton (Crypt:3)
  A crocodile (shapeshifter) (Vaults:4)
  3 big kobolds
  2 elf zombies
  22 bullfrogs
  An earth elemental (Elf:3)
  A wyvern zombie (D:7)
  A deep troll simulacrum (Vaults:4)
  A gnoll sergeant (D:6)
  A water moccasin zombie (D:5)
  4 scorpions
  A wyvern skeleton (Crypt:2)
  16 killer bees (D:8)
  19 wights
  5 electric eels
  3 howler monkeys
  2 bullfrog zombies (D:5)
  3 crimson imps
  15 orc priests
  2 centaur zombies
  7 hounds
  5 jellies
  6 centaur skeletons
  22 orc wizards
  A bullfrog skeleton (D:6)
  3 human skeletons
  7 human zombies
  8 iguanas
  12 worker ants
  A porcupine skeleton (Crypt:1)
  An acid dragon zombie (Crypt:1)
  A hound zombie (D:9)
  A hound skeleton (D:4)
  A mummy (D:15)
  2 worker ant zombies
  12 gnolls
  16 adders
  3 shadow imps
  4 white imps (IceCv)
  9 ufetubi (IceCv)
  An adder zombie (D:9)
  An iguana skeleton (Crypt:2)
  A worm (D:5)
  2 dart slugs
  7 leopard geckos
  66 orcs
  9 bats
  4 giant cockroaches
  12 goblins
  6 hobgoblins
  8 jackals
  2 quokkas (D:8)
  2 ball pythons
  A ball python skeleton (D:5)
  5 frilled lizards
  22 kobolds
  A kobold zombie (Crypt:2)
  A leopard gecko zombie (D:7)
  A quokka zombie (D:5)
  5 rats
  2 crawling corpses (Elf:2)
  4 plants (Shoals:4)
1947 creatures vanquished.

Vanquished Creatures (collateral kills)
  Rupert (D:14)
  Agnes (Elf:1)
  A tengu reaver (Vaults:3)
  A fire giant (Vaults:3)
  A vault warden (Vaults:4)
  2 ironheart preservers
  A vampire knight (Crypt:2)
  2 merfolk impalers (Shoals:4)
  5 vault guards (Vaults:4)
  2 ogre magi
  6 two-headed ogres
  A two-headed ogre (shapeshifter) (D:14)
  A vampire mage (Crypt:1)
  7 hell knights
  3 skeletal warriors (Crypt:3)
  2 orc knights
  2 necromancers (Crypt:3)
  A deep elf archer (Elf:2)
  3 deep elf magi
  A mana viper (Snake:3)
  2 merfolk sirens
  A black mamba (Snake:3)
  3 vault sentinels
  3 yaktaurs
  3 merfolk
  11 flying skulls (Crypt:3)
  A naga (Snake:4)
  An orc warrior (Vaults:3)
  10 ogres
  2 worker ants (D:4)
  A hound skeleton (D:7)
  A gnoll (D:4)
  3 orcs
86 creatures vanquished.

Vanquished Creatures (others)
  2 deep elf master archers (Elf:3)
  A fire giant (Depths:1)
  A yaktaur captain (Vaults:5)
  A deep elf archer (Elf:2)
  8 yaktaurs
  26 dancing weapons
  A blink frog (Lair:6)
  4 white imps (IceCv)
  3 ufetubi (IceCv)
  14 fungi
  52 plants
  12 tentacles (Shoals:4)
125 creatures vanquished.

Grand Total: 2158 creatures vanquished

Notes
Turn   | Place    | Note
-------+----------+-------------------------------------------
     0 | D:1      | dvd the Felid Transmuter began the quest for the Orb.
     0 | D:1      | Reached XP level 1. HP: 9/9 MP: 4/4
   278 | D:1      | Reached XP level 2. HP: 12/12 MP: 4/6
   816 | D:2      | Reached XP level 3. HP: 7/15 MP: 7/7
   922 | D:2      | Learned a level 3 spell: Spider Form
  1419 | D:2      | Reached XP level 4. HP: 19/19 MP: 5/9
  2076 | D:3      | Reached skill level 4 in Unarmed Combat
  2271 | D:3      | Learned a level 4 spell: Ice Form
  2344 | D:3      | Found a burning altar of Makhleb.
  2344 | D:3      | Found a shimmering altar of Xom.
  2353 | D:3      | Reached skill level 1 in Stealth
  2353 | D:3      | Reached XP level 5. HP: 20/22 MP: 6/10
  2400 | D:4      | Noticed an ogre
  2434 | D:4      | Killed an ogre
  2464 | D:4      | Noticed arta's ghost (novice HuFE)
  2588 | D:4      | Noticed an ogre
  2598 | D:4      | Reached skill level 1 in Poison Magic
  2635 | D:4      | Killed an ogre
  2635 | D:4      | Reached skill level 1 in Ice Magic
  2635 | D:4      | Gained mutation: You are covered in thick fur. (AC +2) [Felid growth]
  2635 | D:4      | Reached XP level 6. HP: 25/25 MP: 1/12
  2833 | D:4      | Learned a level 2 spell: Sticks to Snakes
  3216 | D:4      | Gained mutation: Your mind is acute. (Int +2) [potion of mutation]
  3216 | D:4      | Gained mutation: Your mind is very acute. (Int +4) [potion of mutation]
  3423 | D:5      | Entered Level 5 of the Dungeon
  3490 | D:5      | Found a transporter.
  3536 | D:5      | Reached XP level 7. HP: 28/28 MP: 10/13
  3606 | D:5      | Found a transporter.
  3972 | D:5      | Found a sacrificial altar of Ru.
  4446 | D:5      | Reached skill level 5 in Transmutations
  4622 | D:5      | Reached skill level 5 in Unarmed Combat
  4686 | D:6      | Found Yffycs Qudgh's Gadget Shop.
  4708 | D:6      | Reached XP level 8. HP: 32/32 MP: 15/15
  4748 | D:6      | Reached skill level 5 in Dodging
  5230 | D:5      | Learned a level 5 spell: Blade Hands
  5351 | D:6      | Found a stormy altar of Qazlal.
  5352 | D:6      | Noticed an air elemental
  5635 | D:6      | Reached skill level 6 in Unarmed Combat
  5724 | D:6      | Became a worshipper of Qazlal Stormbringer
  5804 | D:7      | Found a staircase to the Ecumenical Temple.
  5813 | Temple   | Entered the Ecumenical Temple
  6285 | D:7      | Reached XP level 9. HP: 35/37 MP: 13/16
  6872 | D:6      | Reached * piety under Qazlal
  6873 | D:6      | Reached skill level 5 in Spellcasting
  6944 | D:7      | Reached skill level 7 in Unarmed Combat
  7778 | D:8      | Noticed a queen bee
  7975 | D:8      | Killed a queen bee
  8045 | D:8      | Found a glowing silver altar of Zin.
  8045 | D:8      | Found a snail-covered altar of Cheibriados.
  8046 | D:8      | Found a blossoming altar of Fedhas.
  8083 | D:8      | Reached XP level 10. HP: 43/43 MP: 14/19
  8350 | D:8      | Found an iron altar of Okawaru.
  8686 | D:8      | Reached skill level 8 in Unarmed Combat
  8786 | D:9      | Reached skill level 5 in Fighting
  8812 | D:9      | Reached ** piety under Qazlal
  9005 | D:9      | Found Gychotzi's Assorted Antiques.
  9041 | D:9      | Bought a shiny iron ring for 160 gold pieces
  9419 | D:10     | Entered Level 10 of the Dungeon
  9490 | D:10     | Noticed a two-headed ogre
  9517 | D:10     | Killed a two-headed ogre
  9694 | D:10     | Noticed a cyclops
  9734 | D:10     | Noticed a two-headed ogre
  9763 | D:10     | Killed a two-headed ogre
 10076 | D:10     | Killed a cyclops
 10185 | D:10     | Noticed a two-headed ogre
 10196 | D:10     | Killed a two-headed ogre
 10196 | D:10     | Reached skill level 9 in Unarmed Combat
 10196 | D:10     | Reached XP level 11. HP: 49/49 MP: 18/22
 10242 | D:10     | Found a staircase to the Lair.
 10252 | D:10     | Reached *** piety under Qazlal
 10495 | Lair:1   | Entered Level 1 of the Lair of Beasts
 10520 | Lair:1   | Found a labyrinth entrance.
 10552 | Lab      | Entered a labyrinth
 10622 | Lab      | Noticed a minotaur
 10629 | Lab      | Killed a minotaur
 11338 | Lair:1   | Noticed a six-headed hydra
 11435 | D:11     | Noticed Nergalle
 11510 | D:11     | Noticed an unseen horror
 11515 | D:11     | Killed an unseen horror
 11553 | D:10     | Learned a level 3 spell: Dazzling Spray
 12025 | D:11     | Reached skill level 10 in Unarmed Combat
 12090 | D:11     | Reached **** piety under Qazlal
 12156 | D:11     | Killed Nergalle
 12457 | Lair:1   | HP: 3/60 [six-headed hydra (11)]
 12589 | D:12     | Noticed Nessos
 12696 | D:12     | Noticed a two-headed ogre
 12961 | D:12     | Killed Nessos
 12961 | D:12     | Gained mutation: Your thick and shaggy fur keeps you warm. (AC +3, rC+) [Felid growth]
 12961 | D:12     | Reached XP level 12. HP: 55/55 MP: 23/25
 13045 | D:12     | Killed a two-headed ogre
 13045 | D:12     | Reached skill level 1 in Evocations
 13182 | D:12     | Reached ***** piety under Qazlal
 13513 | D:12     | Found a staircase to the Orcish Mines.
 13785 | D:13     | Reached skill level 1 in Hexes
 13941 | D:13     | Noticed a five-headed hydra
 13947 | D:13     | Killed a five-headed hydra
 13947 | D:13     | Reached skill level 11 in Unarmed Combat
 14027 | D:13     | Reached skill level 5 in Stealth
 14230 | D:13     | Noticed a catoblepas
 14399 | D:10     | Killed a six-headed hydra
 14416 | D:10     | Learned a level 4 spell: Cause Fear
 14646 | Lair:2   | Noticed an eight-headed hydra
 14653 | Lair:2   | Killed an eight-headed hydra
 14653 | Lair:2   | Reached skill level 1 in Conjurations
 14653 | Lair:2   | Reached skill level 10 in Transmutations
 14674 | Lair:2   | Found a dark tunnel.
 14689 | Volcano  | Entered a volcano
 14706 | Volcano  | Noticed equalderp2856's ghost (journeyman MiFi)
 14710 | Volcano  | Reached skill level 5 in Hexes
 15253 | Lair:3   | Gained mutation: Your magical capacity is low. (-10% MP) [mutagenic meat]
 15254 | Lair:3   | Gained mutation: You tend to lose your temper in combat. [mutagenic meat]
 15256 | Lair:3   | Gained mutation: You occasionally shout uncontrollably at your foes. [mutagenic meat]
 15257 | Lair:3   | Gained mutation: You are resistant to hostile enchantments. (MR+) [mutagenic meat]
 15259 | Lair:3   | Lost mutation: You tend to lose your temper in combat. [potion of mutation]
 15259 | Lair:3   | Lost mutation: Your mind is very acute. (Int +4) [potion of mutation]
 15259 | Lair:3   | Gained mutation: You possess an exceptional clarity of mind. [potion of mutation]
 15259 | Lair:3   | Gained mutation: You are highly resistant to hostile enchantments. (MR++) [potion of mutation]
 15259 | Lair:3   | Lost mutation: You are highly resistant to hostile enchantments. (MR++) [potion of mutation]
 15259 | Lair:3   | Gained mutation: You are agile. (Dex +2) [potion of mutation]
 15281 | Lair:3   | Learned a level 3 spell: Confuse
 15287 | Lair:3   | Learned a level 5 spell: Yara's Violent Unravelling
 15295 | Lair:3   | Found a staircase to the Snake Pit.
 15754 | Lair:3   | Found a staircase to the Shoals.
 15885 | Lair:3   | Reached XP level 13. HP: 59/59 MP: 18/24
 16051 | Lair:3   | Reached skill level 10 in Dodging
 16228 | Lair:4   | Found a frozen archway.
 16229 | Lair:4   | Reached skill level 12 in Unarmed Combat
 16283 | IceCv    | Entered an ice cave
 16352 | IceCv    | Reached ****** piety under Qazlal
 16691 | IceCv    | Noticed a reaper
 16701 | IceCv    | Killed a reaper
 17984 | Lair:5   | Found a staircase to the Slime Pits.
 17984 | Lair:5   | Found a viscous altar of Jiyva.
 17988 | Lair:5   | Reached skill level 10 in Fighting
 18318 | Lair:5   | Reached skill level 13 in Unarmed Combat
 18815 | Lair:6   | Entered Level 6 of the Lair of Beasts
 19283 | D:4      | Killed arta's ghost
 19433 | Orc:1    | Entered Level 1 of the Orcish Mines
 19439 | Orc:1    | Reached XP level 14. HP: 66/66 MP: 17/25
 19652 | Orc:1    | Found a bloodstained altar of Trog.
 19748 | Orc:2    | Entered Level 2 of the Orcish Mines
 19748 | Orc:2    | Noticed an orc warlord
 21056 | Orc:2    | Noticed Sonja
 21074 | Orc:1    | Reached skill level 10 in Spellcasting
 21490 | Orc:2    | Reached skill level 1 in Invocations
 22682 | Orc:2    | Killed Sonja
 22877 | Orc:2    | Found a staircase to the Elven Halls.
 22890 | Orc:2    | Found Xerilal's General Store.
 22895 | Orc:2    | Killed an orc warlord
 22895 | Orc:2    | Reached skill level 5 in Ice Magic
 22896 | Orc:2    | Found Peeq's Jewellery Boutique.
 22902 | Orc:2    | Found Toeteriy's Armour Emporium.
 22904 | Orc:2    | Bought a potion of heal wounds for 85 gold pieces
 22911 | Orc:2    | Found Qipparghi's Book Shop.
 22931 | Orc:2    | Bought the Tome of Evil Rites and the Snowflakes for 1232 gold pieces
 22939 | Orc:2    | Learned a level 3 spell: Ozocubu's Armour
 24217 | Lair:6   | Reached XP level 15. HP: 57/70 MP: 12/27
 24639 | Lair:6   | Reached skill level 14 in Unarmed Combat
 24674 | Lair:6   | Reached skill level 1 in Charms
 25782 | Orc:2    | Bought a book of Battle for 640 gold pieces
 25786 | Orc:2    | Learned a level 3 spell: Regeneration
 26348 | D:14     | Found a gate to the Vaults.
 26348 | D:14     | Noticed Rupert
 26372 | D:13     | Reached skill level 5 in Invocations
 26861 | D:14     | Killed Rupert
 26955 | D:14     | Noticed a vault warden
 26967 | D:14     | Killed a vault warden
 26967 | D:14     | Reached skill level 10 in Hexes
 26996 | D:14     | Noticed bmj180's ghost (journeyman MiFi)
 27994 | Snake:1  | Entered Level 1 of the Snake Pit
 28045 | Snake:1  | Found a hide-covered altar of Uskayaw.
 28069 | Snake:1  | Reached skill level 1 in Necromancy
 28278 | Snake:1  | Reached XP level 16. HP: 30/76 MP: 19/29
 28771 | Snake:1  | Learned a level 2 spell: Shroud of Golubria
 29840 | Snake:1  | HP: 3/91 [naga warrior/halberd (6)]
 30307 | Snake:1  | Reached skill level 15 in Unarmed Combat
 30624 | Snake:2  | Reached skill level 1 in Translocations
 30942 | Snake:2  | Found Maere's General Store.
 30948 | Snake:2  | Bought a scroll of amnesia for 38 gold pieces
 30973 | Snake:2  | Found Qikhagu's Gadget Shoppe.
 30974 | Snake:2  | Found Haraw's Jewellery Shop.
 30974 | Snake:2  | Found Virhar's Jewellery Shop.
 31042 | Snake:2  | Found Dyirubeng's Food Shop.
 31124 | Snake:2  | Found Fiuru's Antique Weapon Shop.
 32057 | Snake:3  | Slain by a nagaraja
 32058 | Snake:3  | Reached XP level 15. HP: -2/87 MP: 11/28
 32772 | Snake:3  | Killed a nagaraja
 33214 | Snake:4  | Entered Level 4 of the Snake Pit
 33219 | Snake:4  | Noticed Aizul
 33403 | Snake:3  | Reached XP level 16. HP: 68/77 MP: 20/29
 33559 | Snake:4  | Learned a level 4 spell: Force Lance
 33568 | Snake:4  | Noticed Bai Suzhen
 33903 | D:14     | Noticed Josephine
 33917 | D:14     | Killed Josephine
 34171 | D:15     | Entered Level 15 of the Dungeon
 35050 | D:15     | Lost mutation: You are agile. (Dex +2) [mutagenic meat]
 35053 | D:15     | Lost mutation: You possess an exceptional clarity of mind. [mutagenic meat]
 35055 | D:15     | Lost mutation: You are resistant to hostile enchantments. (MR+) [mutagenic meat]
 35067 | D:15     | Identified Sif Muna's Volume of the Mountains
 35110 | D:15     | Found a basalt altar of Yredelemnul.
 35390 | D:15     | Found a staircase to the Depths.
 35650 | Depths:1 | Entered Level 1 of the Depths
 35849 | D:15     | Gained mutation: You are partially covered in yellow scales. (AC +2) [mutagenic meat]
 35850 | D:15     | Gained mutation: Your magical capacity is very low. (-20% MP) [mutagenic meat]
 35851 | D:15     | Gained mutation: You are frail. (-10% HP) [mutagenic meat]
 35852 | D:15     | Lost mutation: You are frail. (-10% HP) [potion of mutation]
 35852 | D:15     | Lost mutation: Your magical capacity is very low. (-20% MP) [potion of mutation]
 35852 | D:15     | Lost mutation: Your mind is acute. (Int +2) [potion of mutation]
 35852 | D:15     | Lost mutation: Your magical capacity is low. (-10% MP) [potion of mutation]
 35852 | D:15     | Gained mutation: You are partially covered in slimy green scales. (AC +2) [potion of mutation]
 35852 | D:15     | Gained mutation: You are resistant to hostile enchantments. (MR+) [potion of mutation]
 36568 | Snake:3  | Killed Bai Suzhen
 37037 | Snake:3  | Killed Aizul
 37475 | Snake:4  | Reached skill level 5 in Charms
 38180 | Snake:4  | Reached XP level 17. HP: 63/82 MP: 2/34
 38793 | Snake:4  | Reached skill level 5 in Evocations
 38998 | Snake:4  | Noticed Vashnia
 39043 | Snake:4  | Found Bomeha's Assorted Antiques.
 39139 | Snake:4  | Killed from afar by a shock serpent
 39140 | Snake:4  | Reached XP level 16. HP: 0/78 MP: 30/33
 39427 | Snake:4  | Killed Vashnia
 39427 | Snake:4  | Reached skill level 16 in Unarmed Combat
 39783 | Elf:1    | Entered Level 1 of the Elven Halls
 39790 | Orc:2    | Learned a level 3 spell: Tukima's Dance
 39926 | Elf:1    | Noticed Feta's ghost (veteran FoFi)
 39935 | Elf:1    | Killed from afar by Feta's ghost
 39936 | Elf:1    | Reached XP level 15. HP: -15/90 MP: 31/32
 40723 | Snake:3  | Noticed a nagaraja
 40734 | Snake:3  | Killed a nagaraja
 41540 | Snake:4  | Noticed a nagaraja
 41604 | Snake:4  | Killed a nagaraja
 41635 | Snake:4  | Noticed a nagaraja
 41645 | Snake:4  | Killed a nagaraja
 41645 | Snake:4  | Reached XP level 16. HP: 54/79 MP: 13/34
 42184 | Snake:4  | Lost mutation: You are resistant to hostile enchantments. (MR+) [mutagenic meat]
 42185 | Snake:4  | Gained mutation: You are mostly covered in yellow scales. (AC +3) [mutagenic meat]
 42212 | Snake:4  | Got a serpentine rune of Zot
 42516 | Snake:4  | HP: 2/79 [naga sharpshooter/bolt (33)]
 42844 | Shoals:1 | Entered Level 1 of the Shoals
 42914 | Shoals:1 | Noticed Frances
 42930 | Shoals:1 | Killed Frances
 43488 | Shoals:1 | Identified Sif Muna's Disquisition on Assistive Conjuration
 45570 | Shoals:3 | Noticed Polyphemus
 45739 | Shoals:3 | Found a burning altar of Makhleb.
 45978 | Shoals:3 | Reached XP level 17. HP: 39/83 MP: 11/35
 46199 | Shoals:3 | Killed Polyphemus
 46616 | Shoals:3 | Found a shimmering altar of Xom.
 46622 | Shoals:3 | Got a glittering zirconium amulet
 46650 | Shoals:3 | Identified the amulet of Jomis {Reflect Dex+4 SH+2} (You found it on level 3 of the Shoals)
 46665 | Shoals:3 | Learned a level 1 spell: Apportation
 46722 | Shoals:4 | Entered Level 4 of the Shoals
 47246 | Shoals:4 | Noticed Ilsuiw
 47400 | Shoals:4 | Killed Ilsuiw
 48065 | Shoals:4 | Reached skill level 17 in Unarmed Combat
 48565 | Shoals:4 | Found Quosenlu's Armour Boutique.
 49258 | Shoals:4 | Noticed a kraken
 49287 | Shoals:4 | Noticed a kraken
 49323 | Shoals:4 | Killed a kraken
 49381 | Shoals:4 | Killed a kraken
 49385 | Shoals:4 | Got a barnacled rune of Zot
 50209 | D:14     | Killed bmj180's ghost
 50258 | Vaults:1 | Entered Level 1 of the Vaults
 50589 | D:14     | Reached XP level 18. HP: 87/87 MP: 26/37
 51758 | Snake:2  | Bought the ring "Keqoarul" {*Slow rF+++ rN+ MP+9} for 909 gold pieces
 52418 | Vaults:2 | Found Qotu's Book Boutique.
 52443 | Vaults:2 | Found a staircase to the Crypt.
 52443 | Vaults:2 | Found a basalt altar of Yredelemnul.
 52484 | Vaults:2 | Found an ancient bone altar of Kikubaaqudgha.
 52826 | Vaults:2 | Reached skill level 15 in Spellcasting
 53343 | Vaults:2 | Got a glittering pewter amulet
 53344 | Vaults:2 | Identified the amulet "Irogur" {Faith rN++ Str+6 Slay-4} (You took it off a yaktaur on level 2 of the Vaults)
 53941 | Vaults:2 | Gained mutation: You are frail. (-10% HP) [mutagenic meat]
 53944 | Vaults:2 | Gained mutation: You are dopey. (Int -2) [mutagenic meat]
 53945 | Vaults:2 | Lost mutation: You are frail. (-10% HP) [mutagenic meat]
 53946 | Vaults:2 | Gained mutation: You have a pair of small antennae on your head. [mutagenic meat]
 53948 | Vaults:2 | Gained mutation: Your muscles are strong. (Str +2) [mutagenic meat]
 53949 | Vaults:2 | Lost mutation: You occasionally shout uncontrollably at your foes. [mutagenic meat]
 53951 | Vaults:2 | Lost mutation: You are dopey. (Int -2) [mutagenic meat]
 54072 | Vaults:2 | Reached skill level 18 in Unarmed Combat
 54390 | Vaults:2 | Reached XP level 19. HP: 87/91 MP: 39/39
 54843 | Vaults:2 | Found a portal to a secret trove of treasure.
 55010 | Vaults:3 | Found an ancient bone altar of Kikubaaqudgha.
 55486 | Vaults:3 | Reached skill level 5 in Translocations
 55486 | Vaults:3 | Reached XP level 20. HP: 95/95 MP: 40/40
 55614 | Vaults:3 | Reached skill level 5 in Necromancy
 57166 | Vaults:4 | Noticed Saint Roka
 57312 | Vaults:4 | Reached skill level 15 in Hexes
 58105 | Vaults:4 | Reached XP level 21. HP: 75/99 MP: 40/42
 58859 | Vaults:4 | Killed Saint Roka
 59703 | Orc:2    | Learned a level 8 spell: Discord
 59813 | Elf:1    | Killed Feta's ghost
 59813 | Elf:1    | Reached skill level 19 in Unarmed Combat
 59826 | Elf:1    | Identified Asmodeus's Almanac of Creation
 59913 | Elf:1    | Noticed Agnes
 59920 | Elf:1    | Killed Agnes
 59935 | Elf:1    | You fall through a shaft!
 59959 | Elf:2    | Found a runed gate.
 59959 | Elf:2    | Found a runed gate.
 59960 | Elf:2    | Found a runed gate.
 60597 | Elf:2    | Found Jugeqita's Gadget Emporium.
 61825 | Elf:3    | Entered Level 3 of the Elven Halls
 62019 | Elf:3    | Noticed Donald
 62029 | Elf:3    | Killed Donald
 62372 | Elf:3    | Found Wemenk's General Store.
 62503 | Elf:3    | Got a shimmering gossamer ring
 62505 | Elf:3    | Identified the ring "Disiboysyu" {+Fly rF+ AC+3 Int-2} (You took it off a deep elf demonologist on level 3 of the Elven Halls)
 62693 | Elf:3    | Got a wavering wooden ring
 62695 | Elf:3    | Identified the ring of Diseb {rF+ rC- MR+++ Str-5 Dex+7} (You took it off a deep elf death mage on level 3 of the Elven Halls)
 62921 | Elf:2    | Reached skill level 15 in Dodging
 63020 | Elf:2    | Reached skill level 10 in Charms
 63093 | Elf:3    | Reached XP level 22. HP: 103/103 MP: 23/44
 63505 | Elf:3    | Learned a level 2 spell: Blink
 63593 | Elf:3    | Learned a level 6 spell: Ozocubu's Refrigeration
 63953 | Crypt:1  | Entered Level 1 of the Crypt
 64094 | Vaults:2 | Learned a level 4 spell: Control Undead
 64199 | Crypt:1  | HP: 4/103 [skeletal warrior/enchanted scimitar[a skeletal warrior] (18)]
 64581 | Vaults:2 | Learned a level 5 spell: Aura of Abjuration
 64635 | Crypt:1  | Reached skill level 1 in Summonings
 64777 | Crypt:1  | Identified the Almanac of the Captivating Escort
 65887 | Crypt:3  | Entered Level 3 of the Crypt
 66406 | Crypt:3  | Found a staircase to the Tomb.
 66517 | Crypt:3  | Noticed an ancient lich
 66527 | Crypt:3  | Killed an ancient lich
 66768 | Crypt:3  | Reached skill level 20 in Unarmed Combat
 66818 | Crypt:3  | Found a basalt altar of Yredelemnul.
 67542 | Depths:1 | Reached XP level 23. HP: 107/107 MP: 21/45
 67759 | Depths:1 | Reached skill level 5 in Summonings
 67831 | Depths:1 | HP: 3/107 [battlesphere[a tengu warrior] (13)]
 68131 | Depths:1 | Found a gateway to a ziggurat.
 68153 | Depths:1 | Found a gateway to Hell.
 68514 | Depths:1 | Reached skill level 10 in Necromancy
 68771 | Depths:1 | Learned a level 4 spell: Animate Dead
 69097 | Vaults:5 | Entered Level 5 of the Vaults
 69328 | Vaults:5 | HP: 5/107 [war gargoyle/great mace (12)]
 69337 | Vaults:5 | Killed from afar by a quicksilver dragon
 69338 | Vaults:5 | Reached XP level 22. HP: -8/103 MP: 27/54
 69360 | Vaults:5 | Noticed Jorgrun
 69416 | Vaults:5 | Found Nejonn's Magic Scroll Shop.
 69434 | Vaults:5 | HP: 2/103 [yaktaur captain (22)]
 69437 | Vaults:5 | Reached skill level 15 in Transmutations
 69439 | Vaults:5 | Mangled by a tengu reaver
 69440 | Vaults:5 | Reached XP level 21. HP: -8/99 MP: 18/53
 69441 | Vaults:5 | Noticed a golden dragon
 69492 | Vaults:5 | Noticed a golden dragon
 69495 | Vaults:5 | HP: 3/99 [phantasmal warrior (25)]
 69500 | Vaults:5 | HP: 2/99 [deep troll[an ironheart preserver] (5)]
 69507 | Vaults:5 | HP: 2/99 [yaktaur/bolt (17)]
 69517 | Vaults:5 | Killed from afar by a deep troll earth mage

Skill      XL: |  1  2  3  4  5  6  7  8  9 10 11 12 13 14 15 16 17 18 19 20 21 22 23 |
---------------+----------------------------------------------------------------------+-----
Dodging        | 3 4 5 6 8 9 10 11 13 12 14 15 | 15.6
Spellcasting   | 3 4 5 6 8 9 10 13 12 14 15 16 17 18 | 18.1
Unarmed Combat | 4 5 6 7 9 10 11 13 14 16 17 18 19 20 | 20.2
Stealth        | 1 2 3 4 5 6 7 8 9 |  9.8
Transmutations | 3 4 5 6 7 8 9 10 11 12 13 14 15 | 15.0
Poison Magic   | 1 |  1.5
Ice Magic      | 1 2 3 4 5 6 7 8 |  8.6
Fighting       | 3 4 6 7 8 10 11 14 | 14.3
Evocations     | 1 6 7 5 |  7.7
Hexes          | 6 7 9 10 12 13 14 15 16 17 | 17.7
Conjurations   | 1 2 3 |  3.5
Invocations    | 3 6 8 9 |  9.6
Charms         | 4 6 7 8 9 10 | 10.7
Necromancy     | 3 2 4 5 9 10 | 10.4
Translocations | 2 3 4 5 |  5.9
Summonings     | 4 5 |  5.9

Action                   |  1- 3 |  4- 6 |  7- 9 | 10-12 | 13-15 | 16-18 | 19-21 | 22-24 || total
-------------------------+-------+-------+-------+-------+-------+-------+-------+-------++-------
Melee: Unarmed           |    91 |   125 |   336 |   542 |  1463 |  2075 |   838 |   682 ||  6152
       Headbutt          |    13 |       |     2 |       |       |       |       |       ||    15
       Punch             |     3 |     1 |     3 |    11 |    21 |   119 |    89 |    98 ||   345
       Bite              |     2 |     2 |    13 |    28 |    32 |   145 |   108 |   104 ||   434
 Cast: Beastly Appendage |    21 |     6 |     2 |       |       |       |       |       ||    29
       Spider Form       |     2 |    18 |     4 |     2 |       |       |       |       ||    26
       Sticks to Snakes  |       |    11 |     9 |     8 |    27 |    13 |       |       ||    68
       Ice Form          |       |     4 |    28 |    22 |    99 |    68 |     2 |     5 ||   228
       Blade Hands       |       |       |    12 |    47 |    26 |   130 |    69 |    48 ||   332
       Dazzling Spray    |       |       |       |    18 |    93 |    87 |    40 |    14 ||   252
       Cause Fear        |       |       |       |     1 |    38 |    28 |     8 |     2 ||    77
       Confuse           |       |       |       |       |    51 |    85 |    22 |     2 ||   160
       Yara's Violent Un |       |       |       |       |    24 |    37 |    34 |     9 ||   104
       Ozocubu's Armour  |       |       |       |       |    48 |   157 |    58 |    43 ||   306
       Regeneration      |       |       |       |       |    42 |   172 |    67 |    53 ||   334
       Shroud of Golubri |       |       |       |       |    21 |   100 |    26 |    24 ||   171
       Tukima's Dance    |       |       |       |       |     1 |    98 |    97 |    44 ||   240
       Force Lance       |       |       |       |       |       |     6 |     1 |       ||     7
       Apportation       |       |       |       |       |       |     5 |     1 |       ||     6
       Blink             |       |       |       |       |       |       |     7 |     9 ||    16
       Control Undead    |       |       |       |       |       |       |     1 |    16 ||    17
       Ozocubu's Refrige |       |       |       |       |       |       |       |    11 ||    11
       Animate Dead      |       |       |       |       |       |       |       |     2 ||     2
Invok: Upheaval          |       |       |       |       |    13 |     8 |     6 |       ||    27
       Disaster Area     |       |       |       |       |       |     2 |     3 |     5 ||    10
       Elemental Force   |       |       |       |       |       |       |     1 |       ||     1
 Abil: End Transformatio |       |     1 |     3 |     8 |     7 |    18 |       |     6 ||    43
Evoke: Wand              |       |       |       |    19 |    15 |    81 |    26 |     7 ||   148
       Crystal ball of e |       |       |       |       |       |       |       |     7 ||     7
  Use: Potion            |       |     2 |     9 |    10 |     8 |    17 |    12 |     9 ||    67
       Scroll            |       |       |    10 |    14 |     9 |    15 |     7 |     6 ||    61
 Stab: Sleeping          |     2 |     5 |     5 |       |       |       |       |       ||    12
       Distracted        |       |       |     2 |     1 |     1 |     2 |     4 |     4 ||    14
       Confused          |       |       |       |     1 |    15 |    30 |     9 |     2 ||    57
       Invisible         |       |       |       |     1 |    29 |    16 |     8 |     1 ||    55
       Petrified         |       |       |       |       |       |     5 |       |       ||     5
       Petrifying        |       |       |       |       |       |     1 |       |       ||     1
       Fleeing           |       |       |       |       |       |       |     1 |       ||     1
  Eat: Chunk             |     9 |     8 |    16 |    38 |    53 |   115 |    28 |    20 ||   287
Armor: Skin              |     5 |    14 |    46 |    59 |   219 |   193 |    83 |    71 ||   690
Dodge: Dodged            |    81 |   117 |   237 |   404 |  1024 |  1579 |   648 |   555 ||  4645
       Deflected         |       |       |       |     5 |    67 |   157 |    70 |    26 ||   325
Block: Other             |     4 |       |     4 |   111 |   468 |   750 |   310 |   293 ||  1940
       Reflection        |       |       |       |       |       |    42 |    53 |    24 ||   119
